Map: [ESL] Data-C

Players

RagnaroK (SHIN)

  • Race: Zerg Zerg
  • Spawn Location: 3:00

ShoWTimE - Winner!

  • Race: Protoss Protoss
  • Spawn Location: 9:00

VOD

Have the link to the VOD?

Description

Time

  • Played on: Nov. 4, 2022, 8:12 a.m.
  • Length: 12:14
Show
View Real Time Build Order
Export as new Build Order

RagnaroK Zerg 

Build Orders: Hatch First 

Get SALT Encoding   

  12  0:00  Drone  
  13  0:12  Overlord  
  13  0:17  Drone  
  14  0:30  Drone  
  15  0:44  Hatchery  
  15  0:48  Drone  
  15  0:53  Drone  
  15  0:56  Drone  
  17  1:00  Drone  
  18  1:10  Extractor  
  17  1:15  Spawning Pool  
  17  1:18  Drone  
  17  1:22  Drone  
  18  1:31  Drone  
  19  1:42  Drone  
  20  1:53  Drone  
  21  2:02  Queen x2  
  21  2:03  Zergling x2  
  21  2:04  Zergling x2  
  27  2:12  Metabolic Boost  
  27  2:13  Overlord  
  27  2:17  Drone  
  28  2:33  Drone x3  
  31  2:40  Hatchery  
  31  2:43  Drone  
  31  2:49  Queen  
  33  2:54  Overlord  
  33  2:58  Drone x2  
  34  3:01  Drone  
  36  3:13  Drone x5  
  36  3:14  Drone  
  36  3:19  Queen  
  44  3:24  Overlord  
  44  3:28  Spore Crawler  
  44  3:31  Drone  
  44  3:42  Queen  
  44  3:44  Drone x6  
  44  3:47  Spore Crawler  
  51  3:52  Drone  
  51  3:53  Queen  
  54  3:57  Drone x2  
  54  4:01  Evolution Chamber  
  55  4:03  Queen  
  55  4:05  Drone  
  55  4:08  Spore Crawler  
  55  4:09  Drone  
  58  4:18  Overlord x2  
  57  4:26  Zerg Melee Weapons Level 1  
  57  4:27  Overlord  
  57  4:36  Drone x11  
  57  4:37  Drone  
  69  4:43  Zergling x8  
  73  4:48  Overlord  
  73  4:49  Drone  
  73  4:51  Roach Warren  
  73  4:54  Extractor  
  73  4:56  Drone, Extractor  
  73  4:58  Drone x4  
  76  5:04  Drone x4  
  77  5:08  Lair  
  77  5:13  Drone x3  
  80  5:16  Extractor  
  80  5:21  Hatchery  
  78  5:23  Overlord  
  78  5:24  Overlord  
  78  5:33  Zergling x16  
  78  5:34  Zergling x2  
  87  5:44  Overlord  
  87  5:48  Zergling x2  
  87  5:49  Zergling x10  
  92  5:52  Drone  
  92  5:54  Drone  
  92  5:57  Drone  
  95  6:02  Overlord  
  94  6:05  Hydralisk Den  
  94  6:07  Drone x3, Extractor  
  94  6:08  Drone  
  96  6:12  Zergling x6  
  96  6:13  Zergling x2  
  96  6:17  Zergling x4  
  100  6:19  Zergling x6  
  100  6:21  Pneumatized Carapace  
  100  6:24  Zerg Melee Weapons Level 2  
  102  6:25  Overlord  
  102  6:27  Zergling x2  
  103  6:35  Drone x6  
  103  6:38  Grooved Spines  
  108  6:41  Drone x3  
  108  6:42  Baneling Nest, Drone  
  108  6:45  Drone  
  111  6:47  Drone x4  
  111  6:53  Drone x2  
  116  6:56  Drone x2  
  112  7:02  Drone x2  
  112  7:03  Drone  
  112  7:08  Zergling x10  
  108  7:09  Zergling x4  
  108  7:14  Overlord  
  109  7:16  Hydralisk x4  
  109  7:17  Hydralisk  
  109  7:19  Hydralisk, Extractor  
  109  7:20  Spore Crawler  
  119  7:24  Centrifugal Hooks  
  119  7:26  Hydralisk x2  
  119  7:27  Hydralisk  
  125  7:35  Hydralisk x3  
  125  7:36  Hydralisk x4  
  139  7:38  Overlord  
  139  7:40  Hatchery  
  138  7:45  Zergling x12  
  138  7:49  Muscular Augments  
  144  7:52  Overlord  
  144  7:55  Overlord  
  144  7:57  Overseer, Hydralisk x2  
  144  7:58  Hydralisk x2  
  152  8:06  Overlord  
  152  8:07  Overlord  
  152  8:08  Overlord x2  
  152  8:12  Zergling x16  
  160  8:14  Zergling x2  
  160  8:15  Zergling x6  
  164  8:21  Zergling x4  
  164  8:23  Hydralisk  
  164  8:25  Hydralisk x2  
  164  8:26  Hydralisk  
  174  8:34  Zergling x16  
  174  8:39  Baneling x13  
  174  8:40  Zerg Missile Weapons Level 1  
  182  8:43  Zergling x2  
  182  8:44  Zergling x10  
  188  8:48  Baneling x2  
  188  8:49  Zergling x2, Baneling x4  
  188  8:53  Zergling x12  
  193  9:01  Zergling x12  
  199  9:02  Baneling  
  199  9:03  Baneling x8  
  199  9:10  Overlord  
  184  9:17  Zergling x2  
  184  9:18  Zergling x20  
  184  9:19  Zergling x2  
  184  9:20  Hydralisk  
  184  9:22  Zergling x4, Hydralisk  
  181  9:25  Zergling x2  
  181  9:26  Hydralisk  
  181  9:27  Zergling x4  
  181  9:28  Hydralisk x2  
  181  9:29  Zergling x4, Hydralisk  
  181  9:31  Hydralisk  
  162  9:32  Hydralisk  
  162  9:35  Hydralisk  
  162  9:36  Hydralisk  
  162  9:37  Zergling x2  
  162  9:38  Zergling x2  
  158  9:40  Zergling x4  
  158  9:43  Zergling x2  
  158  9:44  Zergling x2  
  155  9:46  Hydralisk  
  155  9:47  Hydralisk  
  155  9:49  Hydralisk  
  155  9:50  Zergling x4  
  155  9:52  Hydralisk  
  162  9:53  Zergling x2  
  162  9:54  Zergling x2  
  162  9:55  Zergling x2  
  162  9:57  Zergling x4  
  167  10:01  Baneling x4  
  167  10:02  Baneling x6  
  167  10:03  Zergling x2  
  167  10:04  Zergling x2  
  167  10:06  Baneling x3  
  169  10:07  Baneling  
  169  10:10  Zergling x8  
  169  10:11  Zergling x2  
  168  10:15  Zergling x8  
  168  10:17  Baneling x4  
  168  10:20  Zergling x6  
  168  10:21  Zergling x2  
  176  10:25  Baneling x8  
  176  10:28  Zergling x8  
  180  10:32  Zergling x2  
  180  10:33  Zergling x8  
  185  10:37  Zergling x10  
  184  10:45  Zergling x18  
  182  10:52  Zergling x2, Hydralisk  
  182  10:53  Zergling x8  
  182  10:56  Zergling x8  
  182  11:02  Zergling x6  
  172  11:08  Zergling x8  
  172  11:09  Zergling x4  
  177  11:12  Baneling x10  
  177  11:13  Baneling x4  
  177  11:14  Baneling x5  
  177  11:15  Zergling x6  
  177  11:17  Baneling  
  177  11:18  Zergling x6  
  183  11:22  Baneling x2  
  183  11:23  Zergling x10, Baneling  
  188  11:28  Zergling x10  
  188  11:29  Zergling x2  
  188  11:32  Zergling x2  
  182  11:36  Zergling x10  
  182  11:38  Zergling x2  
  185  11:40  Zergling x2  
  185  11:44  Hydralisk  
  185  11:45  Zergling x8  
  185  11:46  Zergling x2  
  174  11:48  Zergling x2  
  174  11:50  Zergling x2  
  174  11:51  Zergling x2  
  174  11:53  Zergling x6  
  174  11:54  Zergling x2  
  162  11:55  Zergling x4  
  162  11:57  Zergling x2  
Show
View Real Time Build Order
Export as new Build Order

ShoWTimE Protoss - Winner!

Build Orders: 1 Gate Expand, Oracle Opening 

Get SALT Encoding   

  12  0:00  Probe  
  13  0:12  Probe  
  14  0:17  Pylon  
  14  0:24  Probe (Chrono Boost)  
  15  0:36  Probe (Chrono Boost)  
  15  0:38  Gateway  
  16  0:45  Probe (Chrono Boost)  
  16  0:46  Assimilator  
  17  0:51  Probe  
  18  1:03  Probe  
  19  1:15  Probe  
  20  1:25  Nexus  
  20  1:27  Probe  
  21  1:37  Cybernetics Core  
  21  1:43  Assimilator  
  21  1:47  Probe  
  22  1:53  Pylon  
  22  1:59  Probe  
  23  2:11  Probe (Chrono Boost)  
  23  2:13  Adept  
  26  2:16  Stargate  
  26  2:21  Probe (Chrono Boost)  
  27  2:23  Warp Gate  
  27  2:26  Probe (Chrono Boost)  
  28  2:37  Probe (Chrono Boost)  
  28  2:43  Probe (Chrono Boost), Stalker  
  32  2:46  Probe (Chrono Boost)  
  32  2:50  Probe (Chrono Boost)  
  34  2:51  Probe (Chrono Boost)  
  34  2:58  Oracle (Chrono Boost)  
  35  3:01  Probe  
  35  3:03  Probe  
  40  3:06  Pylon  
  40  3:13  Probe  
  40  3:16  Probe  
  40  3:18  Gateway  
  42  3:26  Probe  
  42  3:27  Oracle (Chrono Boost)  
  43  3:28  Probe  
  47  3:35  Pylon  
  47  3:38  Probe  
  47  3:40  Probe  
  49  3:50  Nexus  
  49  3:53  Probe x2  
  51  3:55  Oracle (Chrono Boost)  
  54  4:04  Assimilator  
  54  4:05  Probe x2  
  54  4:09  Assimilator  
  56  4:15  Twilight Council  
  56  4:17  Probe x2  
  56  4:23  Gateway  
  58  4:29  Probe x2  
  60  4:31  Pylon  
  60  4:34  Forge  
  60  4:41  Probe x2  
  60  4:44  Blink (Chrono Boost)  
  62  4:49  Pylon  
  62  4:52  Stalker  
  64  4:53  Probe x2  
  64  4:55  Stalker  
  68  5:03  Probe  
  68  5:05  Probe x2  
  68  5:06  Protoss Ground Weapons Level 1 (Chrono Boost)  
  68  5:07  Shield Battery  
  71  5:11  Probe  
  71  5:17  Probe  
  71  5:18  Probe  
  71  5:19  Probe, Stalker x2  
  78  5:23  Stalker  
  81  5:29  Probe x2  
  81  5:30  Probe  
  84  5:39  Pylon  
  84  5:41  Probe x2, Pylon  
  84  5:42  Probe, Stalker x2  
  91  5:52  Stalker  
  91  5:56  Gateway  
  93  5:57  Gateway, Pylon  
  93  5:58  Probe x3  
  93  6:00  Gateway  
  93  6:02  Assimilator  
  96  6:10  Probe, Assimilator  
  97  6:21  Probe  
  98  6:27  Photon Cannon  
  98  6:29  Robotics Facility, Templar Archives  
  98  6:35  Pylon  
  98  6:39  Nexus, Probe x3  
  99  6:47  Gateway, Stalker x3  
  99  6:48  Gateway  
  99  6:49  Protoss Ground Weapons Level 2 (Chrono Boost)  
  99  6:51  Probe x2  
  107  6:59  Probe  
  106  7:03  Probe  
  106  7:05  Nexus  
  106  7:07  Charge (Chrono Boost)  
  98  7:09  Zealot x3  
  98  7:11  Probe x2  
  98  7:12  Psionic Storm  
  106  7:16  Probe  
  106  7:18  Photon Cannon  
  106  7:22  Observer  
  108  7:23  High Templar x3  
  108  7:29  Photon Cannon  
  114  7:31  Shield Battery  
  114  7:32  Probe  
  114  7:33  Probe  
  114  7:35  Pylon  
  114  7:36  Assimilator  
  116  7:38  High Templar x2  
  116  7:39  Assimilator  
  120  7:44  Photon Cannon  
  120  7:45  Shield Battery, Photon Cannon  
  120  7:54  Photon Cannon  
  120  7:58  Gateway  
  120  8:02  Gateway  
  120  8:04  Warp Prism (Chrono Boost), Gateway  
  120  8:05  Probe x2  
  122  8:09  Pylon  
  122  8:10  High Templar  
  126  8:14  High Templar  
  128  8:21  Archon  
  128  8:22  Photon Cannon  
  128  8:25  Photon Cannon  
  128  8:26  High Templar x2  
  132  8:27  Shield Battery  
  132  8:28  Pylon  
  132  8:31  Archon  
  132  8:41  Gateway  
  132  8:43  Gateway  
  132  8:45  High Templar x2  
  132  8:46  Pylon  
  133  8:48  Pylon  
  133  8:49  Archon  
  133  8:53  Stalker x3  
  133  8:54  Zealot x2  
  143  9:00  Pylon  
  143  9:01  Pylon  
  143  9:03  Zealot x2  
  143  9:04  Zealot x2  
  143  9:07  Pylon  
  148  9:15  Zealot x2  
  148  9:16  Zealot  
  122  9:25  Zealot x5  
  122  9:27  Zealot x2  
  132  9:33  Probe x3  
  132  9:34  Pylon  
  132  9:35  Protoss Ground Weapons Level 3 (Chrono Boost)  
  132  9:36  Zealot x3  
  137  9:38  Zealot  
  137  9:45  Photon Cannon  
  139  9:47  Zealot  
  139  9:48  Zealot x4, Photon Cannon  
  139  9:50  Shield Battery  
  139  9:51  Probe  
  146  10:00  High Templar x2  
  146  10:01  High Templar  
  152  10:07  Stalker x2  
  156  10:15  High Templar  
  156  10:16  High Templar x4  
  156  10:20  Gateway  
  166  10:21  Archon x2  
  166  10:26  Gateway  
  166  10:31  Probe x2, Photon Cannon  
  162  10:45  Zealot x5  
  162  10:48  Zealot x5, Gateway  
  162  10:49  Gateway  
  168  10:52  Pylon  
  168  10:53  Photon Cannon  
  168  10:55  Photon Cannon  
  164  10:59  Shield Battery  
  164  11:01  Pylon  
  142  11:07  High Templar x5  
  142  11:11  Archon x2, Immortal (Chrono Boost)  
  150  11:12  High Templar  
  150  11:17  Zealot x3  
  150  11:18  Zealot x2  
  165  11:36  High Templar  
  167  11:40  Archon  
  167  11:43  Zealot x8  
  167  11:44  Zealot x3  
  181  11:52  Archon  
  173  11:59  Zealot x2  
Tags
 
Add a new tag
Caveats
  • Supply blocks, unpowered buildings, or Contaminate may cause inaccurate times.
  • Supply counts are checked every 10 seconds.